 Dungeon Crawl Stone Soup version 0.29-a0-321-gf1c400731a (webtiles) character file.

Game seed: 8887488332842211806

56 Hubjo the Skirmisher (level 3, -7/30 HPs)
             Began as a Demonspawn Monk on Apr 4, 2022.
             Was a Priest of Sif Muna.
             Killed by an exploding orc wizard (29 damage)
             ... ignited by their inner flame
             ... on level 3 of the Dungeon.
             The game lasted 00:03:38 (2477 turns).

Hubjo the Skirmisher (Demonspawn Monk)              Turns: 2477, Time: 00:03:38

Health: -7/30      AC:  2    Str: 11    XL:     3   Next: 69%
Magic:  4/4        EV: 13    Int: 11    God:    Sif Muna [***...]
Gold:   113        SH:  0    Dex: 17    Spells: 4/4 levels left

rFire   . . .      SeeInvis .   a - +0 short sword
rCold   . . .      Faith    .   (no shield)
rNeg    + . .      Spirit   .   b - +0 robe
rPois   .          Reflect  .   (no helmet)
rElec   .          Harm     .   (no cloak)
rCorr   .          Rampage  .   (no gloves)
Will    .....                   (no boots)
Stlth   ++........              (no amulet)
HPRegen 0.10/turn               d - ring of positive energy
MPRegen 0.09/turn               (no ring)

@: no status effects
A: hooves 1, demonic guardian 1
a: Renounce Religion, Channel Magic, Forget Spell


You were on level 3 of the Dungeon.
You worshipped Sif Muna.
Sif Muna was most pleased with you.
You visited 1 branch of the dungeon, and saw 3 of its levels.

You collected 113 gold pieces.

Inventory:

Hand Weapons
 a - a +0 short sword (weapon)
Armour
 b - a +0 robe (worn)
Jewellery
 d - a ring of positive energy (left hand)
Wands
 j - a wand of polymorph (8)
 t - a wand of flame (12)
Scrolls
 c - a scroll of fear {unknown}
 e - a scroll of fog {unknown}
 i - a scroll of immolation
 k - 2 scrolls of identify {unknown}
 l - a scroll of enchant armour {unknown}
 m - a scroll of blinking {unknown}
 n - a scroll of summoning {unknown}
 o - a scroll of noise {unknown}
 p - a scroll of amnesia {unknown}
 q - a scroll of magic mapping {unknown}
 s - a scroll of brand weapon {unknown}
 v - a scroll of teleportation {unknown}
Potions
 f - a potion of brilliance {unknown}
 g - a potion of curing
 h - a potion of heal wounds {unknown}
 r - a potion of mutation {unknown}


   Skills:
 * Level 3.8 Fighting
 - Level 2.6 Short Blades
 - Level 2.6 Dodging
 * Level 2.8 Stealth
 + Level 1.1 Spellcasting


You had 4 spell levels left.
You didn't know any spells.
Your spell library was empty.

Dungeon Overview and Level Annotations

Branches:
Dungeon (3/15)

Altars:
Fedhas
Sif Muna
Xom
Yredelemnul


Innate Abilities, Weirdness & Mutations

You have large cloven feet.
A weak demonic guardian rushes to your aid.


Message History

It was a potion of curing.
You feel better.
Your quasit bites the orc wizard.
Your quasit claws the orc wizard.
Your quasit claws the orc wizard but does no damage.
Your quasit bites the orc wizard but does no damage.
Your quasit claws the orc wizard but does no damage.
Your quasit closely misses the orc wizard.
As you read the scroll labelled CIEWKU QEWNIR, it crumbles to dust.
The creatures around you are filled with an inner flame!
It was a scroll of immolation.
Your quasit closely misses the orc.
Your quasit claws the orc but does no damage.
Your quasit barely misses the orc.
You feel better.
Your quasit closely misses the orc.
Your quasit claws the orc but does no damage.
Your quasit barely misses the orc.
The orc wizard hits you with a +0 dagger.
You miss the orc wizard. Your kick misses the orc wizard.
The orc wizard is moderately wounded.
Your quasit bites the orc but does no damage.
Your quasit claws the orc but does no damage.
Your quasit barely misses the orc.
The orc wizard gestures at you while chanting.
You resist with significant effort.
Your quasit barely misses the orc.
Your quasit claws the orc but does no damage.
Your quasit closely misses the orc.
You hit the orc wizard but do no damage.
The orc wizard is moderately wounded.
Your quasit bites the orc but does no damage.
Your quasit claws the orc but does no damage.
Your quasit barely misses the orc.
Unknown command.
You hit the orc wizard.
Flame seeps out of the orc wizard.
The orc wizard is heavily wounded.
The orc wizard is engulfed in blazing flames.
Sif Muna accepts your kill.
The orc wizard explodes!
The fiery explosion engulfs the orc!!!
Sif Muna accepts your kill. The fiery explosion engulfs you!!
Ouch! That really hurt!
You die...

#....# #....#
#....##########
###....#.........
#.....)...######
.....#..o5##......#
..# #..)§#######.#
####○# #.## #@#
#..##### # #.#
##.....# ## #.#
##....# .## ..#
#..#### ..# ..##
##.### ..###
##...## ##....#
.†..##
#.#..###....##
.##..#
#..........##
..##.##
###..##....#


You could see an orc (inner flame, distracted) and a friendly quasit (summoned,
inner flame).

Vanquished Creatures
  An orc wizard (D:3)
  An adder (D:2)
  A worm (D:2)
  A dart slug (D:1)
  An orc (D:3)
  2 bats
  9 endoplasms
  A giant cockroach (D:2)
  4 hobgoblins
  6 ball pythons
  2 frilled lizards (D:1)
  6 goblins
  3 kobolds
  4 rats
42 creatures vanquished.

Notes
Turn   | Place    | Note
-------+----------+-------------------------------------------
     0 | D:1      | Hubjo the Demonspawn Monk began the quest for the Orb.
     0 | D:1      | Reached XP level 1. HP: 18/18 MP: 1/1
   361 | D:1      | Discovered your monstrous ancestry.
   361 | D:1      | Gained mutation: You have large cloven feet. [demonic
                  | ancestry]
   361 | D:1      | Reached XP level 2. HP: 10/24 MP: 2/2
   862 | D:1      | Found a faded altar of an unknown god.
   870 | D:1      | Prayed at the altar of an unknown god.
   870 | D:1      | Became a worshipper of Sif Muna the Loreminder
   870 | D:1      | Reached * piety under Sif Muna
   870 | D:1      | Reached ** piety under Sif Muna
  1379 | D:2      | Reached *** piety under Sif Muna
  1458 | D:2      | Gained mutation: A weak demonic guardian rushes to your
                  | aid. [demonic ancestry]
  1458 | D:2      | Reached XP level 3. HP: 9/29 MP: 4/4
  1531 | D:2      | Reached skill level 1 in Spellcasting
  2327 | D:3      | Found a basalt altar of Yredelemnul.
  2332 | D:3      | Found a blossoming altar of Fedhas.
  2333 | D:3      | Found a shimmering altar of Xom.
  2468 | D:3      | HP: 1/30 [orc/+3 whip (5)]
  2477 | D:3      | Killed by an exploding orc wizard... ignited by their inner
                  | flame

Illustrated notes

Levels and vault maps discovered:
D:1:      heliophobic_arrival_dark_side_of_the_moon, layout_loops_ring,
          basic_ecumenical_altar, st_stairs_14, minivault_14, minivault_14,
          minmay_tromino_v4_a
D:2:      layout_loops_ring
D:3:      layout_rooms, grunt_temple_overflow_open, uniq_robin

Skill      XL: |  1  2  3 |
---------------+----------+-----
Stealth        | 2 |  2.8
Spellcasting   | 1 |  1.1
Fighting       | |  3.8
Short Blades   | |  2.6
Dodging        | |  2.6

Action                   || total
-------------------------++-------
Melee: Short sword       ||    96
       Kick              ||    10
  Use: Potion            ||     4
       Scroll            ||     1
 Stab: Sleeping          ||     8
Armor: Robe              ||    10
Dodge: Dodged            ||    60

Table legend: (Time is in decaauts)
 A = Elapsed time spent in this place.
 B = Non-inter-level travel time spent in this place.
 C = Inter-level travel time spent in this place.
 D = Time resting spent in this place.
 E = Time spent auto-exploring this place.
 F = Levels seen in this place.
 G = Mean time per level.
                   A        B        C        D        E       F      G
               +--------+--------+--------+--------+--------+-----+--------+
         Total |   2474 |   2438 |     36 |      0 |   2026 |   3 |  824.7 |
       Dungeon |   2474 |   2438 |     36 |      0 |   2026 |   3 |  824.7 |
               +--------+--------+--------+--------+--------+-----+--------+

Top non-repeatable levels by time:
     D:1: 1252 daAuts
     D:2: 755 daAuts
     D:3: 466 daAuts
